 Dungeon Crawl Stone Soup version 0.29-a0-555-g3b24f45cc1 (webtiles) character file.

Game seed: 2276143458235580536

2230 nobbins the Conjurer (level 9, -3/74 HPs)
             Began as a Yellow Draconian Conjurer on June 7, 2022.
             Was a Believer of Sif Muna.
             Shot with a sling bullet by Joseph (12 damage)
             ... on level 8 of the Dungeon.
             The game lasted 00:43:47 (7309 turns).

nobbins the Conjurer (Yellow Draconian Conjurer)    Turns: 7309, Time: 00:43:47

Health: -3/74      AC: 11    Str: 12    XL:     9   Next: 14%
Magic:  16/16      EV: 12    Int: 27    God:    Sif Muna [**....]
Gold:   261        SH:  0    Dex:  9    Spells: 12/18 levels left

rFire   . . .      SeeInvis .   F - +2 long sword (holy)
rCold   . . .      Faith    .   (no shield)
rNeg    . . .      Spirit   .   (body armour unavailable)
rPois   .          Reflect  .   (helmet restricted)
rElec   .          Harm     .   (no cloak)
rCorr   +          Rampage  .   o - +1 pair of gloves
Will    .....                   t - +1 pair of boots
Stlth   ++........              (no amulet)
HPRegen 0.22/turn               k - +6 ring of intelligence
MPRegen 0.15/turn               s - ring of flight

@: flying, hasted, invisible, very quick
A: spit acid, AC +7, unfitting armour, cold-blooded, acid resistance
a: Breathe Acid, Renounce Religion, Channel Magic


You were on level 8 of the Dungeon.
You worshipped Sif Muna.
Sif Muna was pleased with you.
You visited 2 branches of the dungeon, and saw 9 of its levels.

You collected 357 gold pieces.
You spent 96 gold pieces at shops.

Inventory:

Hand Weapons
 d - a +0 spear
 e - a +1 long sword of electrocution
 h - a +1 short sword
 n - a +2 vampiric short sword
 F - a +2 long sword of holy wrath (weapon)
Missiles
 v - a throwing net
Armour
 o - a +1 pair of gloves (worn)
 t - a +1 pair of boots (worn)
 E - the +5 kite shield "Dicho" {Dex+4}
   (You found it on level 7 of the Dungeon)

   Dex:       It affects your dexterity (+4).
Magical Staves
 g - a staff of air
Jewellery
 k - a +6 ring of intelligence (left hand)
 s - a ring of flight (right hand)
 w - a ring of poison resistance
 x - a +6 ring of dexterity
 C - a ring of willpower
Wands
 q - a wand of digging (4)
Scrolls
 b - 4 scrolls of blinking
 c - a scroll of poison
 i - a scroll of fear
 l - 2 scrolls of amnesia
 r - 3 scrolls of magic mapping
 y - a scroll of enchant armour
 z - 4 scrolls of teleportation
 G - a scroll of immolation
 H - 4 scrolls of noise
Potions
 a - a potion of magic
 f - 2 potions of brilliance
 j - a potion of haste
 m - a potion of resistance
 A - a potion of lignification
 B - a potion of ambrosia
 D - a potion of curing {unknown}


   Skills:
 - Level 5.0 Fighting
 + Level 3.9 Short Blades
 - Level 0.5 Staves
 - Level 4.0 Dodging
 + Level 4.6 Stealth
 + Level 1.7 Shields
 * Level 5.1 Spellcasting
 + Level 6.0 Conjurations
 + Level 4.0 Air Magic


You had 12 spell levels left.
You knew the following spells:

 Your Spells              Type           Power      Damage    Failure   Level
a - Magic Dart            Conj           100%       1d8       1%          1
b - Searing Ray           Conj           78%        2d7       1%          2
c - Dazzling Flash        Conj/Hex       46%        N/A       6%          3

Your spell library contained the following spells:

 Spells                   Type           Power      Damage    Failure   Level
 Fulminant Prism          Conj/Hex       11%        3d9       21%         4
 Iskenderun's Mystic Bla  Conj/Tloc      23%        2d6       21%         4
 Ozocubu's Armour         Ice            6%         N/A       22%         3
 Portal Projectile        Hex/Tloc       12%        N/A       22%         3
 Tukima's Dance           Hex            6%         N/A       22%         3
 Anguish                  Hex/Necr       3%         N/A       56%         4
 Blade Hands              Tmut           3%         N/A       89%         5
 Enfeeble                 Hex            3%         N/A       100%        7
 Ozocubu's Refrigeration  Ice            3%         4d5       100%        7


Dungeon Overview and Level Annotations

Branches:
Dungeon (8/15)             Temple (1/1) D:5
   Lair: D:8-11

Altars:
Ashenzari
Cheibriados
Dithmenos
Elyvilon
Fedhas
Gozag
Hepliaklqana
Kikubaaqudgha
Makhleb
Nemelex Xobeh
Okawaru
Qazlal
Ru
Sif Muna
Trog
Uskayaw
Vehumet
Wu Jian
Xom
Yredelemnul
Zin
The Shining One

Shops:
D:7 ?

Annotations:
D:8 Joseph


Innate Abilities, Weirdness & Mutations

You can spit globs of acid.
Your golden yellow scales are hard. (AC +7)
You cannot fit into any form of body armour.
You are cold-blooded and may be slowed by cold attacks.
You are resistant to acid. (rCorr)


Message History

The killer bee stings you but does no damage.
The killer bee attacks as you move away!
The killer bee stings you but does no damage.
A bullfrog comes into view.
You have got your breath back.
The killer bee misses you.
The killer bee attacks as you move away!
The killer bee barely misses you. The bullfrog completely misses you.
The killer bee barely misses you. The bullfrog attacks as you move away!
The bullfrog hits you.
Found a triangular lapis lazuli amulet.
You feel much better. The bullfrog barely misses you.
The killer bee stings you.
As you read the scroll of teleportation, it crumbles to dust.
You feel strangely unstable. The bullfrog hits you.
The killer bee barely misses you.
The killer bee stings you but does no damage.
The bullfrog attacks as you move away! The bullfrog closely misses you.
The killer bee closely misses you.
The killer bee stings you but does no damage.
The killer bee closely misses you.
The killer bee attacks as you move away!
The killer bee barely misses you.
The killer bee stings you but does no damage.
The bullfrog attacks as you move away!
The bullfrog hits you but does no damage.
The killer bee attacks as you move away!
The killer bee stings you but does no damage.
Your surroundings suddenly seem different.
The bullfrog croaks.
Joseph unwields a +0 quarterstaff.
Joseph wields a +0 hunting sling.
Joseph shoots a sling bullet.
The sling bullet hits you!
Joseph says, "You will never get the ORB, sorry."
Joseph shoots a sling bullet.
The sling bullet hits you!
* * * LOW HITPOINT WARNING * * *
Joseph shoots a sling bullet.
The sling bullet hits you!
* * * LOW HITPOINT WARNING * * *
You fade into invisibility!
Joseph shoots a sling bullet.
The sling bullet hits you!
You die...

#....... ###......#
#........#
#........###
#.........>###
#............#
###..........#
#..........#
#..@.......#
#..........#
#..........#
###..........#
#.........####
#....F#...#
#.....#...#
#.....#@..#
#.........#####+######


You could see Joseph (can't see you) and a bullfrog (can't see you).

Vanquished Creatures
  3 yaks (D:6)
  A water moccasin (D:7)
  2 ice beasts
  A sky beast (D:7)
  2 ogres
  A black bear (D:7)
  2 kobold brigands (D:7)
  2 bullfrogs (D:7)
  2 necrophages
  5 wights (D:5)
  A killer bee (D:8)
  A howler monkey (D:5)
  2 hounds (D:6)
  3 jellies
  A gnoll shaman (D:6)
  2 iguanas
  An orc wizard (D:6)
  4 gnolls (D:6)
  3 adders
  2 shadow imps
  2 white imps (D:6)
  An ufetubus (D:4)
  4 dart slugs
  8 orcs
  8 endoplasms
  A giant cockroach (D:1)
  9 goblins
  3 hobgoblins
  4 jackals (D:2)
  2 quokkas
  2 training dummies (D:7)
  4 ball pythons
  2 bats
  2 frilled lizards
  12 kobolds
  5 rats
110 creatures vanquished.

Notes
Turn   | Place    | Note
-------+----------+-------------------------------------------
     0 | D:1      | nobbins the Draconian Conjurer began the quest for the Orb.
     0 | D:1      | Reached XP level 1. HP: 14/14 MP: 3/3
   250 | D:1      | Found a faded altar of an unknown god.
   381 | D:1      | Reached XP level 2. HP: 16/20 MP: 0/5
   708 | D:1      | Learned a level 2 spell: Searing Ray
  1266 | D:2      | Reached skill level 1 in Fighting
  1356 | D:2      | Reached XP level 3. HP: 25/28 MP: 1/6
  1957 | D:3      | You fall into a shaft and drop 2 floors!
  1957 | D:5      | Entered Level 5 of the Dungeon
  1959 | D:5      | Found a staircase to the Ecumenical Temple.
  1966 | Temple   | Entered the Ecumenical Temple
  2055 | Temple   | Became a worshipper of Sif Muna the Loreminder
  2169 | D:5      | Reached skill level 1 in Air Magic
  2169 | D:5      | Reached XP level 4. HP: 33/36 MP: 3/7
  2339 | D:5      | Reached skill level 1 in Short Blades
  2339 | D:5      | Reached XP level 5. HP: 12/42 MP: 2/9
  2624 | D:5      | Noticed an ice beast
  2698 | D:5      | Reached XP level 6. HP: 25/51 MP: 2/10
  3016 | D:5      | Killed an ice beast
  3095 | D:5      | Your scales start taking on a golden yellow colour.
  3095 | D:5      | Reached XP level 7. HP: 58/58 MP: 11/11
  3095 | D:5      | Gained mutation: You are resistant to acid. (rCorr) [Yellow
                  | Draconian growth]
  3429 | D:4      | Found a white marble altar of Elyvilon.
  3573 | D:4      | Found a basalt altar of Yredelemnul.
  3667 | D:4      | Learned a level 3 spell: Dazzling Flash
  3789 | D:4      | Reached * piety under Sif Muna
  3791 | D:4      | Found an iron altar of Okawaru.
  3949 | D:4      | Found a glowing silver altar of Zin.
  4973 | D:6      | Reached skill level 5 in Conjurations
  5175 | D:6      | Noticed a yak
  5175 | D:6      | Noticed a yak
  5175 | D:6      | Noticed a yak
  5290 | D:6      | Killed a yak
  5480 | D:6      | Reached XP level 8. HP: 66/67 MP: 7/13
  5576 | D:6      | Reached skill level 5 in Fighting
  6185 | D:7      | Identified the +5 kite shield "Dicho" {Dex+4}
  6294 | D:7      | Found a snail-covered altar of Cheibriados.
  6475 | D:7      | Found a broken altar of Ashenzari.
  6561 | D:7      | Reached skill level 1 in Shields
  6863 | D:7      | Reached ** piety under Sif Muna
  6864 | D:7      | Reached XP level 9. HP: 74/74 MP: 10/16
  6931 | D:7      | Reached skill level 5 in Spellcasting
  6931 | D:7      | Reached skill level 6 in Conjurations
  7018 | D:7      | Found Cester's Magic Scroll Shoppe.
  7036 | D:7      | Bought a scroll of identify for 32 gold pieces
  7036 | D:7      | Bought 2 scrolls of identify for 64 gold pieces
  7272 | D:8      | Noticed Joseph
  7309 | D:8      | Shot with a sling bullet by Joseph

Illustrated notes

Levels and vault maps discovered:
D:1:      lightli_arrival_boilingwater, layout_basic,
          hellmonk_ecumenical_altar_leap_of_faith, minmay_pentomino_o2
D:2:      layout_basic
D:3:      layout_basic
D:4:      layout_rooms, okawaru_gym_becter, kennysheep_ying_yang, zin_treasury
D:5:      layout_loops_corners, minmay_temple_entry_junction
D:6:      layout_gridville
D:7:      dreamdust_elfheim, layout_rooms, mainiacjoe_overflow_swirl,
          serial_shops, shop_scrolls, wad_floor_pattern_1
D:8:      minmay_razor_zed, layout_basic, serial_shops, nicolae_stop_n_shop_2,
          shop_statue, nicolae_shop_waterfront, st_stairs_2, uniq_grum,
          uniq_joseph
Temple:   regret_index_temple_sphere_string

Skill      XL: |  1  2  3  4  5  6  7  8  9 |
---------------+----------------------------+-----
Stealth        | 2 3 4 |  4.6
Fighting       | 1 2 3 4 5 |  5.0
Dodging        | 2 3 4 |  4.0
Air Magic      | 1 2 3 4 |  4.0
Short Blades   | 1 2 3 |  3.9
Spellcasting   | 3 4 5 |  5.1
Conjurations   | 5 6 |  6.0
Shields        | 1 |  1.7
Staves         | |  0.5

Action                   |  1- 3 |  4- 6 |  7- 9 || total
-------------------------+-------+-------+-------++-------
Melee: Staff             |    10 |       |       ||    10
       Tailslap          |     5 |     6 |    23 ||    34
       Unarmed           |     1 |       |       ||     1
       Short sword       |    18 |    51 |   134 ||   203
       Punch             |       |     1 |     1 ||     2
       Long sword        |       |       |    33 ||    33
 Cast: Magic Dart        |    45 |       |    51 ||    96
       Searing Ray       |     4 |     8 |    20 ||    32
       Dazzling Flash    |       |       |    11 ||    11
 Abil: Breathe Acid      |       |       |    10 ||    10
  Use: Scroll            |     6 |     3 |    11 ||    20
       Potion            |       |       |     4 ||     4
 Stab: Sleeping          |       |     2 |     4 ||     6
Armor: Skin              |    16 |    19 |    86 ||   121
Dodge: Dodged            |    31 |    31 |   155 ||   217
Block: Kite shield       |       |       |    44 ||    44

Table legend: (Time is in decaauts)
 A = Elapsed time spent in this place.
 B = Non-inter-level travel time spent in this place.
 C = Inter-level travel time spent in this place.
 D = Time resting spent in this place.
 E = Time spent auto-exploring this place.
 F = Levels seen in this place.
 G = Mean time per level.
                   A        B        C        D        E       F      G
               +--------+--------+--------+--------+--------+-----+--------+
         Total |   7320 |   7097 |    223 |    734 |   4340 |   9 |  813.3 |
       Dungeon |   7184 |   6985 |    199 |    734 |   4260 |   8 |  898.0 |
        Temple |    135 |    111 |     24 |      0 |     80 |   1 |  135.0 |
               +--------+--------+--------+--------+--------+-----+--------+

Top non-repeatable levels by time:
     D:5: 1590 daAuts
     D:6: 1322 daAuts
     D:7: 1181 daAuts
     D:2: 911 daAuts
     D:3: 781 daAuts
     D:1: 715 daAuts
     D:4: 646 daAuts
  Temple: 135 daAuts
     D:8: 35 daAuts
